 Dungeon Crawl Stone Soup version 0.30-a0-743-gbfdf073431 (webtiles) character file.

Game seed: 17933197841298811808

371 MachoJfn the Magician (level 6, -3/41 HPs)
             Began as a Mummy Necromancer on Feb 6, 2023.
             Was a Priest of Kikubaaqudgha.
             Slain by a black bear (4 damage)
             ... on level 5 of the Dungeon.
             The game lasted 00:19:27 (5278 turns).

MachoJfn the Magician (Mummy Necromancer)           Turns: 5278, Time: 00:19:28

Health: -3/41      AC:  4    Str: 11    XL:     6   Next: 42%
Magic:  6/15       EV: 11    Int: 16    God:    Kikubaaqudgha [***...]
Gold:   252        SH:  0    Dex: 13    Spells: 5/17 levels left

rFire   . . .      SeeInvis .    i - staff of death
rCold   + + .      Faith    +    (no shield)
rNeg    + + +      Spirit   .    l - +0 leather armour {rF+}
rPois   ∞          Reflect  .    (no helmet)
rElec   .          Harm     .    (no cloak)
rCorr   .          Rampage  .    g - +0 pair of gloves
Will    .....                    (no boots)
Stlth   ++                       (no amulet)
HPRegen 0.26/turn                e - ring of protection from cold
MPRegen 0.14/turn                (no ring)

@: no status effects
A: cold resistance 1, negative energy resistance 3, torment resistance 2, heat
vulnerability 1, in touch with death 1, no potions, faith
a: Renounce Religion, Unearth Wretches


You were on level 5 of the Dungeon.
You worshipped Kikubaaqudgha.
Kikubaaqudgha was most pleased with you.
You visited 1 branch of the dungeon, and saw 5 of its levels.

You collected 252 gold pieces.

Inventory:

Hand Weapons
 b - a +0 club
Missiles
 m - 2 throwing nets
Armour
 g - a +0 pair of gloves (worn)
 l - a +0 leather armour of fire resistance (worn)
Magical Staves
 i - a staff of death (weapon)
Jewellery
 e - a ring of protection from cold (left hand)
Wands
 a - a wand of iceblast (12)
Scrolls
 c - 4 scrolls of identify
 d - a scroll of amnesia
 f - 2 scrolls of teleportation
 h - a scroll of noise {unknown}
 j - a scroll of poison {unknown}
 k - a scroll of fear {unknown}


   Skills:
 + Level 0.3 Fighting
 + Level 0.2 Armour
 + Level 1.7 Dodging
 + Level 2.2 Stealth
 + Level 6.0 Spellcasting
 + Level 5.9 Necromancy


You had 5 spell levels left.
You knew the following spells:

 Your Spells              Type           Power      Damage    Failure   Level
a - Necrotise             Necr           100%       1d9       1%          1
b - Vampiric Draining     Necr           52%        2d9       4%          3
c - Animate Dead          Necr           52%        N/A       16%         4
d - Dispel Undead         Necr           52%        3d19      16%         4

Your spell library contained the following spells:

 Spells                   Type           Power      Damage    Failure   Level
 Kiss of Death            Conj/Necr      100%       2d13      5%          1
 Cigotuvi's Dreadful Rot  Necr/Pois/Air  50%        N/A       12%         2
 Agony                    Necr           52%        N/A       41%         5
 Anguish                  Hex/Necr       16%        N/A       47%         4
 Borgnjor's Vile Clutch   Necr/Erth      16%        N/A       83%         5
 Death Channel            Necr           26%        N/A       94%         6


Dungeon Overview and Level Annotations

Branches:
Dungeon (5/15)             Temple (0/1) D:4

Altars:
Kikubaaqudgha


Innate Abilities, Weirdness & Mutations

You are immune to poison.
Your flesh is cold resistant. (rC+)
You are immune to negative energy. (rN+++)
You are immune to unholy pain and torment.
You are vulnerable to heat. (rF-)
You are in touch with the powers of death.
You do not drink.
You have a special connection with the divine. (Faith)


Message History

The hound bites you.
The black bear goes berserk!
Casting: Necrotise (safe; 1% risk of failure)
Confirm with . or Enter, or press ? or * to list all spells.
Aiming: Necrotise (safe; 1% risk of failure)
Press: ? - help, Shift-Dir - straight line, f/p - black bear
Aim: a black bear (severely wounded, berserk, chance to affect: 83%)
You feel a strong surge of power!
The black bear writhes in agony!
The hound bites you but does no damage. The dart slug launches a dart at you.
The slug dart hits you. The hound bites you.
Casting: Necrotise (safe; 1% risk of failure)
Confirm with . or Enter, or press ? or * to list all spells.
Aiming: Necrotise (safe; 1% risk of failure)
Press: ? - help, Shift-Dir - straight line, f/p - black bear
Aim: a black bear (almost dead, berserk, chance to affect: 83%)
You feel a strong surge of power!
The black bear barely resists.
The black bear barely misses you. The black bear claws you.
The black bear claws you but does no damage.
The hound bites you. The black bear barely misses you.
The black bear claws you.
The black bear claws you but does no damage.
The white imp gestures at you. The puff of frost hits you. You resist.
The black bear attacks as you move away!
The black bear bites you!
* * * LOW HITPOINT WARNING * * *
The black bear claws you.
* * * LOW HITPOINT WARNING * * *
The black bear claws you but does no damage.
The hound completely misses you. The hound barely misses you.
The white imp gestures at you. The puff of frost misses you.
The dart slug launches a dart at you. The slug dart misses you.
The hound pauses to sniff the ground.
The black bear bites you.
* * * LOW HITPOINT WARNING * * *
The black bear barely misses you. The black bear claws you.
You die...
Kikubaaqudgha rasps: "You have failed me!
Welcome... oblivion!"

........#
#######.......#
.............#
#....w5....#
#..........#
#.###.........##.
#................
#<@hh...?.#
#+##....#.#
.S[....#
....$.^...
...........
...........$
.......=..###
...........#


You could see a black bear (berserk), a hound, a white imp and a dart slug.

Vanquished Creatures
  A kobold brigand (D:4)
  A scorpion (D:5)
  2 hounds (D:4)
  An iguana (D:1)
  6 adders
  2 worms
  2 dart slugs
  13 orcs
  8 ball pythons
  8 endoplasms
  2 giant cockroaches (D:3)
  11 goblins
  9 hobgoblins
  3 quokkas
  6 bats
  6 frilled lizards
  10 kobolds
  6 rats
97 creatures vanquished.

Vanquished Creatures (collateral kills)
  A dart slug (D:3)
  2 orcs (D:3)
  An endoplasm (D:4)
  A goblin (D:1)
  A ball python (D:3)
  A frilled lizard (D:3)
  A kobold (D:4)
  A rat (D:4)
9 creatures vanquished.

Vanquished Creatures (others)
  8 plants
8 creatures vanquished.

Grand Total: 114 creatures vanquished

Notes
Turn   | Place    | Note
-------+----------+-------------------------------------------
     0 | D:1      | MachoJfn the Mummy Necromancer began the quest for the Orb.
     0 | D:1      | Reached XP level 1. HP: 13/13 MP: 4/4
   225 | D:1      | You fall into a shaft and drop 1 floor!
   309 | D:2      | Reached XP level 2. HP: 19/19 MP: 0/5
   834 | D:2      | Reached skill level 3 in Spellcasting
   970 | D:1      | Found a faded altar of an unknown god.
   989 | D:1      | Prayed at the altar of an unknown god.
   989 | D:1      | Became a worshipper of Kikubaaqudgha
   989 | D:1      | Reached * piety under Kikubaaqudgha
   989 | D:1      | Received a gift from Kikubaaqudgha
  1256 | D:1      | Gained mutation: You are in touch with the powers of death.
                  | [Mummy growth]
  1256 | D:1      | Reached XP level 3. HP: 21/24 MP: 0/7
  1330 | D:1      | Learned a level 3 spell: Vampiric Draining
  2479 | D:3      | Reached skill level 5 in Necromancy
  2547 | D:3      | Reached XP level 4. HP: 30/30 MP: 5/9
  2713 | D:3      | Reached ** piety under Kikubaaqudgha
  2879 | D:3      | Reached skill level 4 in Spellcasting
  2946 | D:3      | Learned a level 4 spell: Animate Dead
  3124 | D:3      | Identified the +1 barding "Lihidosch" {rF+}
  3753 | D:4      | Found a staircase to the Ecumenical Temple.
  3884 | D:4      | Reached XP level 5. HP: 35/35 MP: 7/11
  3982 | D:4      | Reached skill level 5 in Spellcasting
  4203 | D:4      | Reached *** piety under Kikubaaqudgha
  4203 | D:4      | Received a gift from Kikubaaqudgha
  4209 | D:4      | Learned a level 4 spell: Dispel Undead
  4586 | D:4      | Reached XP level 6. HP: 29/41 MP: 0/14
  5263 | D:5      | Entered Level 5 of the Dungeon
  5268 | D:5      | Reached skill level 6 in Spellcasting
  5278 | D:5      | HP: 1/41 [black bear (3)]
  5278 | D:5      | Slain by a black bear

Illustrated notes

Levels and vault maps discovered:
D:1:      scummos_arrival_star, layout_loops_corners,
          dreamdust_ecumenical_altar_statues
D:2:      layout_loops_cross
D:3:      minmay_door_path, layout_basic, nrook_mini_backslash,
          solitary_fountain, minmay_lizard_king
D:4:      kennysheep_six_static_rooms, layout_loops_ring,
          minmay_temple_entry_nine_rooms, minmay_misc_feat_tiny,
          lexackson_kobold_supper
D:5:      layout_basic, serial_shops, nicolae_shop_competitors_out_of_business,
          serial_demonic, serial_demonic_g, serial_demonic_f, serial_demonic_e,
          serial_demonic_e, serial_demonic_f, serial_demonic_f,
          chequers_serial_rivers_room_b, uniq_edmund, uniq_grinder

Skill      XL: |  1  2  3  4  5  6 |
---------------+-------------------+-----
Spellcasting   | 3 4 5 6 |  6.0
Necromancy     | 5 |  5.9
Stealth        | 2 |  2.2
Fighting       | |  0.3
Armour         | |  0.2
Dodging        | |  1.7

Action                     |  1- 3 |  4- 6 || total
---------------------------+-------+-------++-------
  Melee: Club              |    13 |       ||    13
         Staff             |       |     2 ||     2
   Cast: Necrotise         |    87 |   108 ||   195
 Invoke: Unearth Wretches  |     1 |       ||     1
    Use: Scroll            |     1 |     1 ||     2
 Armour: Robe              |     2 |     3 ||     5
         Leather armour    |       |     5 ||     5
  Dodge: Dodged            |    17 |    23 ||    40

Table legend: (Time is in decaauts)
 A = Elapsed time spent in this place.
 B = Non-inter-level travel time spent in this place.
 C = Inter-level travel time spent in this place.
 D = Time resting spent in this place.
 E = Time spent auto-exploring this place.
 F = Levels seen in this place.
 G = Mean time per level.
                   A        B        C        D        E       F      G
               +--------+--------+--------+--------+--------+-----+--------+
         Total |   5280 |   4507 |    773 |    741 |   3195 |   5 | 1056.0 |
       Dungeon |   5280 |   4507 |    773 |    741 |   3195 |   5 | 1056.0 |
               +--------+--------+--------+--------+--------+-----+--------+

Top non-repeatable levels by time:
     D:4: 1800 daAuts
     D:3: 1348 daAuts
     D:1: 1215 daAuts
     D:2: 900 daAuts
     D:5: 14 daAuts
